Workbook
Name \0: #REF!
Name \00: #REF!
Name \a: #REF!
Name \a: #REF!
Name \AA: [1]LIQUIDACION!#REF!
Name \b: [2]STRSUMM0!#REF!
Name \bb: [2]STRSUMM0!#REF!
Name \E: #REF!
Name \EE: #REF!
Name \G: #REF!
Name \k: '[3]7422CW00'!#REF!
Name \l: [4]STRSUMM0!#REF!
Name \M: #REF!
Name \ñ: '[5]7422CW00'!#REF!
Name \P: #REF!
Name \R: #REF!
Name \s: #REF!
Name \s: #REF!
Name \V: #REF!
Name \X: 'INDICAR CÓDIGO DEL ITEM DE PAGO'!ERR
Name \X: [0]!ERR
Name \Z: 'INDICAR CÓDIGO DEL ITEM DE PAGO'!ERR
Name \Z: [0]!ERR
Name _________AFC1: [6]INV!$A$25:$D$28
Name _________AFC3: [6]INV!$F$25:$I$28
Name _________AFC5: [6]INV!$K$25:$N$28
Name _________BGC1: [6]INV!$A$5:$D$8
Name _________BGC3: [6]INV!$F$5:$I$8
Name _________BGC5: [6]INV!$K$5:$N$8
Name _________CAC1: [6]INV!$A$19:$D$22
Name _________CAC3: [6]INV!$F$19:$I$22
Name _________CAC5: [6]INV!$K$19:$N$22
Name _________PJ50: #REF!
Name _________PJ50: #REF!
Name _________SBC1: [6]INV!$A$12:$D$15
Name _________SBC3: [6]INV!$F$12:$I$15
Name _________SBC5: [6]INV!$K$12:$N$15
Name ________AFC1: [6]INV!$A$25:$D$28
Name ________AFC3: [6]INV!$F$25:$I$28
Name ________AFC5: [6]INV!$K$25:$N$28
Name ________BGC1: [6]INV!$A$5:$D$8
Name ________BGC3: [6]INV!$F$5:$I$8
Name ________BGC5: [6]INV!$K$5:$N$8
Name ________CAC1: [6]INV!$A$19:$D$22
Name ________CAC3: [6]INV!$F$19:$I$22
Name ________CAC5: [6]INV!$K$19:$N$22
Name ________MA2: #REF!
Name ________MA2: #REF!
Name ________PJ50: #REF!
Name ________PJ50: #REF!
Name ________SBC1: [6]INV!$A$12:$D$15
Name ________SBC3: [6]INV!$F$12:$I$15
Name ________SBC5: [6]INV!$K$12:$N$15
Name _______AFC1: [6]INV!$A$25:$D$28
Name _______AFC3: [6]INV!$F$25:$I$28
Name _______AFC5: [6]INV!$K$25:$N$28
Name _______BGC1: [6]INV!$A$5:$D$8
Name _______BGC3: [6]INV!$F$5:$I$8
Name _______BGC5: [6]INV!$K$5:$N$8
Name _______CAC1: [6]INV!$A$19:$D$22

Sheet PRESUPUESTO OFICIAL (Entidad)
B1: Formulario 1 - Propuesta económica - Documento tipo de selección abreviada de menor cuantía - versión 1
B2: Versión: 1 del 21 de agosto de 2025
C5: FORMULARIO 1
C6: PRESUPUESTO OFICIAL
C7: [La entidad puede utilizar este formulario de detalle del presupuesto oficial para determinar las condiciones bajo las cuales los proponentes analizarán y presentarán su propuesta económica de forma detallada, sin perjuicio que la entidad pueda modificarlo o establecer la presentación de la oferta económica con un formulario distinto al indicado.]
C9: Adicionalmente, cuando el proceso de contratación es estructurado por precios unitarios, la Entidad debe aplicar las notas 1, 2 y 3 del presente formulario y las casillas de "Descripción", "Porcentaje" de la Administración, Imprevisto, Utilidad y total A.I.U. resaltadas en colo amarillo. Tratándose de otras modalidades de precio, la Entidad puede o no configurar los mismos aspectos.
C11: Nº | D11: ITEM DE PAGO | E11: ESPECIFICACIONES | G11: DESCRIPCION | H11: UND. | I11: CANTIDAD | J11: VALOR UNITARIO | K11: VALOR TOTAL
E12: GENERAL | F12: PARTICULAR
C13: 1 | D13: PABELLON 1 (CARNES)
C14: 1.1 | G14: RETIRO SWITCHE O TOMA | H14: UND | I14: 5 | J14: ='INDICAR CÓDIGO DEL ITEM DE PAGO'!P66 -> 9426.97 | K14: =+ROUND(I14*J14,0) -> 47135
C15: 1.2 | G15: SAL TOMA 120 EMT ZONA HUMEDA | H15: UND | I15: 5 | J15: ='INDICAR CÓDIGO DEL ITEM DE PAGO'!P149 -> 432677.51 | K15: =+ROUND(I15*J15,0) -> 2163388
C16: 1.3 | G16: SUMINISTRO E INSTALACIÓN DE TUBO 3/4" EMT (GRAPA, ADAPTADOR Y UNION) | H16: ML | I16: 22.55 | J16: ='INDICAR CÓDIGO DEL ITEM DE PAGO'!P224 -> 66168.26 | K16: =+ROUND(I16*J16,0) -> 1492094
C17: 1.4 | G17: SUMINISTRO E INSTALACION DE CABLE #10 | H17: ML | I17: 115.65 | J17: ='INDICAR CÓDIGO DEL ITEM DE PAGO'!P299 -> 9296.82 | K17: =+ROUND(I17*J17,0) -> 1075177
C18: 1.5 | G18: SUMINISTRO E INSTALACIÓN TUBERIA EMT 1" INCLUYE ACCESORIOS (GRAPA, ADAPTADOR Y UNION) | H18: ML | I18: 20 | J18: ='INDICAR CÓDIGO DEL ITEM DE PAGO'!P372 -> 71622.23 | K18: =+ROUND(I18*J18,0) -> 1432445
C19: 1.6 | G19: SUMINISTRO E INSTALACIÓN CURVA EMT 3/4" | H19: UND | I19: 5 | J19: ='INDICAR CÓDIGO DEL ITEM DE PAGO'!P443 -> 33201.95 | K19: =+ROUND(I19*J19,0) -> 166010
C20: 1.7 | G20: SUMINISTRO E INSTALACIÓN CURVA EMT 1" | H20: UND | I20: 6 | J20: ='INDICAR CÓDIGO DEL ITEM DE PAGO'!P517 -> 35941.95 | K20: =+ROUND(I20*J20,0) -> 215652
C21: 1.8 | G21: SUMINISTRO E INSTALACIÓN DE CAJA T/RAWELT 4X4 - 4 SALIDAS | H21: UND | I21: 3 | J21: ='INDICAR CÓDIGO DEL ITEM DE PAGO'!P588 -> 122534.17 | K21: =+ROUND(I21*J21,0) -> 367603
C22: 1.9 | G22: DEMOLICION ANDEN EN CONCRETO REFORZADO | H22: M2 | I22: 11.5 | J22: ='INDICAR CÓDIGO DEL ITEM DE PAGO'!P661 -> 19175.89 | K22: =+ROUND(I22*J22,0) -> 220523
C23: 1.1 | G23: ANDEN CONCRETO 10CM 3000 PSI | H23: M2 | I23: 11.5 | J23: ='INDICAR CÓDIGO DEL ITEM DE PAGO'!P736 -> 139733.15 | K23: =+ROUND(I23*J23,0) -> 1606931
C24: 1.11 | G24: MALLA ELECTROSOLDADA | H24: KLS | I24: 9.98 | J24: ='INDICAR CÓDIGO DEL ITEM DE PAGO'!P809 -> 12210.81 | K24: =+ROUND(I24*J24,0) -> 121864
C25: 1.12 | G25: RETIRO DE MATERIAL SOBRANTE <= 10 KM | H25: M3 | I25: 1.15 | J25: ='INDICAR CÓDIGO DEL ITEM DE PAGO'!P884 -> 54639.71 | K25: =+ROUND(I25*J25,0) -> 62836
C26: 1.13 | G26: LAVADO DE SUPERFICIE INCLUYE ACIDO MURIATICO | H26: M2 | I26: 240 | J26: ='INDICAR CÓDIGO DEL ITEM DE PAGO'!P956 -> 18796.4 | K26: =+ROUND(I26*J26,0) -> 4511136
C27: Subtotal | K27: =ROUND(SUM(K14:K26),0) -> 13482794
C28: 2 | D28: PABELLON 2
C29: 2.1 | G29: LAVADO DE SUPERFICIE INCLUYE ACIDO MURIATICO | H29: M2 | I29: 406.72 | J29: ='INDICAR CÓDIGO DEL ITEM DE PAGO'!P1026 -> 18796.4 | K29: =+ROUND(I29*J29,0) -> 7644872
C30: 2.2 | G30: DEMOLICION ENCHAPE CERAMICO + MORTERO | H30: M2 | I30: 14.84 | J30: ='INDICAR CÓDIGO DEL ITEM DE PAGO'!P1097 -> 21230.89 | K30: =+ROUND(I30*J30,0) -> 315066
C31: 2.3 | G31: RETIRO DE MATERIAL SOBRANTE <= 10 KM | H31: M3 | I31: 2 | J31: ='INDICAR CÓDIGO DEL ITEM DE PAGO'!P1172 -> 54639.71 | K31: =+ROUND(I31*J31,0) -> 109279
C32: 2.4 | G32: REPELLO MURO 1:3 IMPERMEABILIZADO | H32: M2 | I32: 137.32 | J32: ='INDICAR CÓDIGO DEL ITEM DE PAGO'!P1243 -> 74747.2 | K32: =+ROUND(I32*J32,0) -> 10264286
C33: 2.5 | G33: RASQUETEADA-LIJADA-RESANE | H33: M2 | I33: 205.8 | J33: ='INDICAR CÓDIGO DEL ITEM DE PAGO'!P1318 -> 6622.58 | K33: =+ROUND(I33*J33,0) -> 1362927
C34: 2.6 | G34: ESTUCO PLASTICO MURO (PASTA) | H34: M2 | I34: 205.8 | J34: ='INDICAR CÓDIGO DEL ITEM DE PAGO'!P1393 -> 23618.8 | K34: =+ROUND(I34*J34,0) -> 4860749
C35: 2.7 | G35: ACRILICA MURO [3M] | H35: M2 | I35: 623.44 | J35: ='INDICAR CÓDIGO DEL ITEM DE PAGO'!P1466 -> 23469.47 | K35: =+ROUND(I35*J35,0) -> 14631806
C36: 2.8 | G36: ESMALTE SINTÉTICO SOBRE MUROS (2M) | H36: M2 | I36: 50 | J36: ='INDICAR CÓDIGO DEL ITEM DE PAGO'!P1538 -> 33112.9 | K36: =+ROUND(I36*J36,0) -> 1655645
C37: 2.9 | G37: ESMALTE REJAS- VENTANAS | H37: M2 | I37: 197.6 | J37: ='INDICAR CÓDIGO DEL ITEM DE PAGO'!P1611 -> 42060.37 | K37: =+ROUND(I37*J37,0) -> 8311129
C38: 2.1 | G38: SUMINISTRO E INSTALACIÓN CANAL EN LAMINA GALVANIZADA CAL.22 | H38: ML | I38: 25 | J38: ='INDICAR CÓDIGO DEL ITEM DE PAGO'!P1690 -> 176569.71 | K38: =+ROUND(I38*J38,0) -> 4414243
C39: 2.11 | G39: SUMINISTRO E INSTALACION DE BAJANTE AGUAS LLUVIAS PVC 3 | H39: ML | I39: 18 | J39: ='INDICAR CÓDIGO DEL ITEM DE PAGO'!P1761 -> 33588.29 | K39: =+ROUND(I39*J39,0) -> 604589
C40: 2.12 | G40: SUMINISTRO E INSTALACIÓN DE TANQUE AGUA 2000 LTS EN PLASTICO INCLUYEN ACCESORIOS | H40: UND | I40: 1 | J40: ='INDICAR CÓDIGO DEL ITEM DE PAGO'!P1839 -> 3309540.5 | K40: =+ROUND(I40*J40,0) -> 3309541
C41: 2.13 | G41: ENCHAPE CERAMICO PISO PARED 20-50 X 20-50 CM | H41: M2 | I41: 27.44 | J41: ='INDICAR CÓDIGO DEL ITEM DE PAGO'!P1914 -> 158917.26 | K41: =+ROUND(I41*J41,0) -> 4360690
C42: 2.14 | G42: MURO LADRILLO COMUN | H42: M2 | I42: 4.94 | J42: ='INDICAR CÓDIGO DEL ITEM DE PAGO'!P1985 -> 150543.82 | K42: =+ROUND(I42*J42,0) -> 743686
C43: 2.15 | G43: SUMINISTRO E INSTALACIÓN DE TAPAS EN CONCRETO 71X71 - 80X80 | H43: UND | I43: 2 | J43: ='INDICAR CÓDIGO DEL ITEM DE PAGO'!P2061 -> 507967.23 | K43: =+ROUND(I43*J43,0) -> 1015934
C44: 2.16 | G44: SUMINISTRO E INSTALACIÓN DE PTO SIFON 4" INCLIUYE CODO Y TEE | H44: UND | I44: 2 | J44: ='INDICAR CÓDIGO DEL ITEM DE PAGO'!P2136 -> 186346.03 | K44: =+ROUND(I44*J44,0) -> 372692
C45: 2.17 | G45: SUMINISTRO E INSTALACIÓN REFLECTOR LED 20000 LUMENES 200W BLANCA IP65 | H45: UND | I45: 2 | J45: ='INDICAR CÓDIGO DEL ITEM DE PAGO'!P2208 -> 324613.28 | K45: =+ROUND(I45*J45,0) -> 649227
C46: 2.18 | G46: LOSA CONCRETO MACIZA E=12CM | H46: M2 | I46: 2.3 | J46: ='INDICAR CÓDIGO DEL ITEM DE PAGO'!P2282 -> 229891.48 | K46: =+ROUND(I46*J46,0) -> 528750
C47: 2.19 | G47: ACERO DE REFUERZO 60.000 PSI. | H47: KLS | I47: 46.72 | J47: ='INDICAR CÓDIGO DEL ITEM DE PAGO'!P2362 -> 11084.67 | K47: =+ROUND(I47*J47,0) -> 517876
C48: Subtotal | K48: =SUM(K29:K47) -> 65672987
C49: 3 | D49: PABELLON 3
C50: 3.1 | G50: LAVADO DE SUPERFICIE INCLUYE ACIDO MURIATICO | H50: M2 | I50: 264.6 | J50: ='INDICAR CÓDIGO DEL ITEM DE PAGO'!P2435 -> 18796.4 | K50: =+ROUND(I50*J50,2) -> 4973527.4
C51: 3.2 | G51: REPELLO MURO 1:3 IMPERMEABILIZADO | H51: M2 | I51: 160 | J51: ='INDICAR CÓDIGO DEL ITEM DE PAGO'!P2508 -> 74747.2 | K51: =+ROUND(I51*J51,2) -> 11959552
C52: 3.3 | G52: RASQUETEADA-LIJADA-RESANE | H52: M2 | I52: 308.52 | J52: ='INDICAR CÓDIGO DEL ITEM DE PAGO'!P2583 -> 6622.58 | K52: =+ROUND(I52*J52,2) -> 2043198.4
C53: 3.4 | G53: ESTUCO PLASTICO MURO (PASTA) | H53: M2 | I53: 308.52 | J53: ='INDICAR CÓDIGO DEL ITEM DE PAGO'!P2655 -> 23618.8 | K53: =+ROUND(I53*J53,2) -> 7286872.2
C54: 3.5 | G54: ACRILICA MURO [3M] | H54: M2 | I54: 493.12 | J54: ='INDICAR CÓDIGO DEL ITEM DE PAGO'!P2728 -> 23469.47 | K54: =+ROUND(I54*J54,2) -> 11573265
C55: 3.6 | G55: ESMALTE SINTÉTICO SOBRE MUROS (2M) | H55: M2 | I55: 80 | J55: ='INDICAR CÓDIGO DEL ITEM DE PAGO'!P2800 -> 33112.9 | K55: =+ROUND(I55*J55,2) -> 2649032
C56: 3.7 | G56: ESMALTE REJAS- VENTANAS | H56: M2 | I56: 71.07 | J56: ='INDICAR CÓDIGO DEL ITEM DE PAGO'!P2872 -> 42060.37 | K56: =+ROUND(I56*J56,2) -> 2989230.5
C57: 3.8 | G57: SUMINISTRO E INSTALACION DE NAVE EN LAMINA LLENA GALVANIZADA CAL.20+ ANTICORRISVO+ESMALTE+MARCO | H57: M2 | I57: 8.4 | J57: ='INDICAR CÓDIGO DEL ITEM DE PAGO'!P2946 -> 607416.9 | K57: =+ROUND(I57*J57,2) -> 5102302
C58: 3.9 | G58: SUMINISTRO E INSTALACIÓN DE TAPAS EN CONCRETO 71X71 - 80X80 | H58: UND | I58: 2 | J58: ='INDICAR CÓDIGO DEL ITEM DE PAGO'!P3021 -> 507967.23 | K58: =+ROUND(I58*J58,2) -> 1015934.5
C59: 3.1 | G59: SUMINISTRO E INSTALACIÓN DE PTO SIFON 4" INCLIUYE CODO Y TEE | H59: UND | I59: 2 | J59: ='INDICAR CÓDIGO DEL ITEM DE PAGO'!P3096 -> 186346.03 | K59: =+ROUND(I59*J59,2) -> 372692.06
C60: 3.11 | G60: DESMONTE MARCO + NAVE SENCILLA | H60: UND | I60: 6 | J60: ='INDICAR CÓDIGO DEL ITEM DE PAGO'!P3167 -> 41089.04 | K60: =+ROUND(I60*J60,2) -> 246534.24
C61: Subtotal | K61: =SUM(K50:K60) -> 50212140
C62: 4 | D62: PABELLON 4
C63: 4.1 | G63: DEMOLICIÓN MURO EXISTENTE | H63: M2 | I63: 12.96 | J63: ='INDICAR CÓDIGO DEL ITEM DE PAGO'!P3238 -> 18212.78 | K63: =+ROUND(I63*J63,2) -> 236037.63
C64: 4.2 | G64: RETIRO DE MATERIAL SOBRANTE <= 10 KM | H64: M3 | I64: 2 | J64: ='INDICAR CÓDIGO DEL ITEM DE PAGO'!P3312 -> 54639.71 | K64: =+ROUND(I64*J64,2) -> 109279.42
C65: 4.3 | G65: RASQUETEADA-LIJADA-RESANE | H65: M2 | I65: 328.04 | J65: ='INDICAR CÓDIGO DEL ITEM DE PAGO'!P3386 -> 6622.58 | K65: =+ROUND(I65*J65,2) -> 2172471.1
C66: 4.4 | G66: ESTUCO PLASTICO MURO (PASTA) | H66: M2 | I66: 328.04 | J66: ='INDICAR CÓDIGO DEL ITEM DE PAGO'!P3458 -> 23618.8 | K66: =+ROUND(I66*J66,2) -> 7747911.2
C67: 4.5 | G67: ACRILICA MURO [3M] | H67: M2 | I67: 252.15 | J67: ='INDICAR CÓDIGO DEL ITEM DE PAGO'!P3531 -> 23469.47 | K67: =+ROUND(I67*J67,2) -> 5917826.9
C68: 4.6 | G68: ESMALTE SINTÉTICO SOBRE MUROS (2M) | H68: M2 | I68: 75.89 | J68: ='INDICAR CÓDIGO DEL ITEM DE PAGO'!P3603 -> 33112.9 | K68: =+ROUND(I68*J68,2) -> 2512938
C69: 4.7 | G69: ESMALTE REJAS- VENTANAS | H69: M2 | I69: 28.8 | J69: ='INDICAR CÓDIGO DEL ITEM DE PAGO'!P3675 -> 42060.37 | K69: =+ROUND(I69*J69,2) -> 1211338.7
C70: 4.8 | G70: ENCHAPE CERAMICO PISO PARED 20-50 X 20-50 CM | H70: M2 | I70: 3.8 | J70: ='INDICAR CÓDIGO DEL ITEM DE PAGO'!P3749 -> 158917.26 | K70: =+ROUND(I70*J70,2) -> 603885.59
C71: 4.9 | G71: REPELLO MURO 1:3 IMPERMEABILIZADO | H71: M2 | I71: 8.6 | J71: ='INDICAR CÓDIGO DEL ITEM DE PAGO'!P3821 -> 74747.2 | K71: =+ROUND(I71*J71,2) -> 642825.92
C72: Subtotal | K72: =SUM(K63:K71) -> 21154514
C73: SUBTOTAL OBRAS | K73: =ROUND(K27+K48+K61+K72,0) -> 150522436
G78: SUBTOTAL OBRAS (INCLUYE IVA) | K78: =+K73 -> 150522436
G81: VALOR TOTAL | K81: =+K78 -> 150522436
C84: NOTA 1: Se debe tener en cuenta que el PRECIO UNITARIO incluye el valor de A.I.U. | H84: DESCRIPCION | K84: PORCENTAJE
C85: NOTA 2: Cuando la fracción decimal del peso sea igual o superior a 5 se aproximara por exceso al número entero siguiente del peso y cuando la fracción decimal del peso sea inferior a 5 se aproximará por defecto al número entero del peso. | H85: ADMINISTRACION | J85: A= | K85: 0.31
C86: NOTA 3: El A.I.U y su discriminación deben estar en porcentaje (%). | H86: IMPREVISTO | J86: I= | K86: 0.01
C87: ELABORO: | D87: _______________________________________________ | H87: UTILIDAD | J87: U= | K87: 0.05
H88: TOTAL A.I.U | J88: A.I.U.= | K88: =SUM(K85:K87) -> 0.37

Sheet INDICAR CÓDIGO DEL ITEM DE PAGO
B1: Formulario 1 - Propuesta económica - Documento tipo de selección abreviada de menor cuantía
B2: Versión: 1 del 21 de agosto de 2025
C5: [La entidad podrá utilizar este formato para la presentación de los análisis de precios unitarios el contratista en la oportunidad prevista en el numeral 8.2. del Documento Base]
D8: [NOMBRE DE LA ENTIDAD]
L9: VERSIÓN
D10: [NÚMERO DEL PROCESO]
L11: PÁGINA | N11: 1 | O11: DE | P11: 1
D13: ANALISIS DE PRECIOS UNITARIOS
L15: FECHA | N15: DD | O15: MM | P15: AA
C17: ITEMS DE LA PROPUESTA ECONÓMICA | I17: ITEMS NO PREVISTOS
C20: DATOS ESPECÍFICOS
C21: ITEM | D21: DESCRIPCIÓN | N21: UNIDAD | P21: CANTIDAD
C22: 1.1 | D22: RETIRO SWITCHE O TOMA | N22: UND | P22: ='PRESUPUESTO OFICIAL (Entidad)'!I14 -> 5
C23: I. EQUIPO
C26: DESCRIPCIÓN | H26: UNDIDAD | J26: CANTIDAD | L26: TARIFA/HORA | N26: RENDIMIENTO | P26: Vr. UNITARIO
C27: HERRAMIENTA MENOR | H27: GLB | J27: 0.1 | L27: 2000 | P27: =ROUND(J27*L27,0) -> 200
P28: =ROUND(J28*L28,0) -> 0
C30: SUBTOTAL $ | P30: =SUM(P27:P29) -> 200
C31: II. MATERIALES
C34: DESCRIPCIÓN | K34: UNIDAD | L34: CANTIDAD | N34: PRECIO UNIT. | P34: Vr. UNITARIO
P35: =ROUND(N35*L35,0) -> 0
P36: =ROUND(N36*L36,0) -> 0
P37: =ROUND(N37*L37,0) -> 0
C38: SUBTOTAL $ | P38: =SUM(P35:P37) -> 0
C39: III. TRANSPORTES
C42: MATERIAL | J42: VOL. o PESO | K42: DISTANCIA | L42: M3 o Ton/Km | N42: TARIFA | P42: Vr. UNITARIO
C45: SUBTOTAL $ | P45: =SUM(P43:P44) -> 0
C46: IV. MANO DE OBRA
C49: TRABAJADOR | J49: JORNAL | K49: CANTIDAD | L49: JORNAL TOTAL | N49: RENDIMIENTO | P49: Vr. UNITARIO
C50: M.O. ELECTRICA 1 AYUDANTE + 1 OFICIAL | J50: HC | K50: 0.15 | L50: 44538.646 | P50: =ROUND(K50*L50,0) -> 6681
C54: SUBTOTAL $ | P54: =SUM(P50:P53) -> 6681
C56: TOTAL COSTO DIRECTO $ | P56: =SUM(P54+P45+P38+P30) -> 6881
C57: V. COSTOS INDIRECTOS
C60: Descripción | L60: Porcentaje | N60: Valor Total
C61: ADMINISTRACION | L61: 0.31 | N61: =P56*L61 -> 2133.11
C62: IMPREVISTOS | L62: 0.01 | N62: =P56*L62 -> 68.81
C63: UTILIDAD | L63: 0.05 | N63: =P56*L63 -> 344.05
C64: SUBTOTAL $ | P64: =N61+N62+N63 -> 2545.97
C66: Precio Unitario Total Aproximado al peso $ | P66: =ROUND(P56+P64,2) -> 9426.97
H70: Firma
H71: Nombre: | I71: MARIA CAMILA URREA SANCHEZ
H72: Contratista Apoyo Profesional - Secretaría de Infraestructura
H73: Matricula No. : | I73: 061037-0626498 CAU
C79: [La entidad podrá utilizar este formato para la presentación de los análisis de precios unitarios el contratista en la oportunidad prevista en el numeral 8.2. del Documento Base]
D82: [NOMBRE DE LA ENTIDAD]
L83: VERSIÓN
D84: [NÚMERO DEL PROCESO]
L85: PÁGINA | N85: 1 | O85: DE | P85: 1
D87: ANALISIS DE PRECIOS UNITARIOS
L89: FECHA | N89: DD | O89: MM | P89: AA
C91: ITEMS DE LA PROPUESTA ECONÓMICA | I91: ITEMS NO PREVISTOS
C94: DATOS ESPECÍFICOS
C96: ITEM | D96: DESCRIPCIÓN | N96: UNIDAD | P96: CANTIDAD
C97: 1.2 | D97: SAL TOMA 120 EMT ZONA HUMEDA | N97: UND | P97: ='PRESUPUESTO OFICIAL (Entidad)'!I15 -> 5
C98: I. EQUIPO
C101: DESCRIPCIÓN | H101: UNDIDAD | J101: CANTIDAD | L101: TARIFA/HORA | N101: RENDIMIENTO | P101: Vr. UNITARIO
C102: HERRAMIENTA MENOR | H102: GLB | J102: 0.2 | L102: 2000 | P102: =J102*L102 -> 400
P103: =J103*L103 -> 0
C105: SUBTOTAL $ | P105: =SUM(P102:P104) -> 400
C106: II. MATERIALES
C109: DESCRIPCIÓN | K109: UNIDAD | L109: CANTIDAD | M109: DESPER | N109: PRECIO UNIT. | P109: Vr. UNITARIO
C110: ALAMBRE COBRE THWN #12 | K110: M | L110: 6 | M110: 1.05 | N110: 2561 | O110: 2561 | P110: =ROUND(L110*N110*M110,0) -> 16134
C111: ALAMBRE COBRE THWN #14 | K111: M | L111: 3 | M111: 1.05 | N111: 1713 | O111: 1713 | P111: =ROUND(L111*N111*M111,0) -> 5396
C112: ALAMBRE GALVANIZADO CALIBRE 18 | K112: KG | L112: 0.1 | M112: 1 | N112: 16884 | O112: 16884 | P112: =ROUND(L112*N112*M112,0) -> 1688
C113: GRAPA GALV.-GRUESA 3/4" | K113: UND | L113: 3 | M113: 1 | N113: 1522 | O113: 1522 | P113: =ROUND(L113*N113*M113,0) -> 4566
C114: CINTA AISLANTE #33 | K114: UND | L114: 0.01 | M114: 1 | N114: 29246 | O114: 29246 | P114: =ROUND(L114*N114*M114,0) -> 292
C115: TOMA ZONA HUMEDA GFCI-LEVI | K115: UND | L115: 1 | M115: 1 | N115: 76373 | O115: 76373 | P115: =ROUND(L115*N115*M115,0) -> 76373
C116: TERMINAL EMT 3/4" | K116: UND | L116: 2 | M116: 1 | N116: 2332 | O116: 2332 | P116: =ROUND(L116*N116*M116,0) -> 4664
C117: UNION EMT 3/4" | K117: UND | L117: 2 | M117: 1 | N117: 1324 | O117: 1324 | P117: =ROUND(L117*N117*M117,0) -> 2648
C118: CURVA EMT 3/4" | K118: UND | L118: 1 | M118: 1 | N118: 2809 | O118: 2809 | P118: =ROUND(L118*N118*M118,0) -> 2809
C119: CAJA RAWELT 3/4" | K119: UND | L119: 1 | M119: 1 | N119: 19110 | O119: 19110 | P119: =ROUND(L119*N119*M119,0) -> 19110
C120: TUBO EMT 3/4"X 3 M | K120: UND | L120: 1 | M120: 1.02 | N120: 45000 | O120: 41436 | P120: =ROUND(L120*N120*M120,0) -> 45900
C121: SUBTOTAL $ | P121: =SUM(P110:P120) -> 179580
C122: III. TRANSPORTES
C125: MATERIAL | J125: VOL. o PESO | K125: DISTANCIA | L125: M3 o Ton/Km | N125: TARIFA | P125: Vr. UNITARIO
C128: SUBTOTAL $ | P128: =SUM(P126:P127) -> 0
C129: IV. MANO DE OBRA
C132: TRABAJADOR | J132: JORNAL | K132: CANTIDAD | L132: JORNAL TOTAL | N132: RENDIMIENTO | P132: Vr. UNITARIO
C133: M.O. ELECTRICA 1 AYUDANTE + 1 OFICIAL | J133: HC | K133: 3.05 | L133: 44538.646 | P133: =ROUND(K133*L133,0) -> 135843
P134: =ROUND(K134*L134,0) -> 0
C137: SUBTOTAL $ | P137: =SUM(P133:P136) -> 135843
C139: TOTAL COSTO DIRECTO $ | P139: =SUM(P137+P128+P121+P105) -> 315823
C140: V. COSTOS INDIRECTOS
C143: Descripción | L143: Porcentaje | N143: Valor Total
C144: ADMINISTRACION | L144: 0.31 | N144: =P139*L144 -> 97905.13
C145: IMPREVISTOS | L145: 0.01 | N145: =P139*L145 -> 3158.23
C146: UTILIDAD | L146: 0.05 | N146: =P139*L146 -> 15791.15
C147: SUBTOTAL $ | P147: =N144+N145+N146 -> 116854.51
C149: Precio Unitario Total Aproximado al peso $ | P149: =ROUND(P139+P147,2) -> 432677.51
H153: Firma
H154: Nombre: | I154: MARIA CAMILA URREA SANCHEZ
H155: Contratista Apoyo Profesional - Secretaría de Infraestructura
H156: Matricula No. : | I156: 061037-0626498 CAU
C162: [La entidad podrá utilizar este formato para la presentación de los análisis de precios unitarios el contratista en la oportunidad prevista en el numeral 8.2. del Documento Base]
D165: [NOMBRE DE LA ENTIDAD]
L166: VERSIÓN
D167: [NÚMERO DEL PROCESO]
L168: PÁGINA | N168: 1 | O168: DE | P168: 1
D170: ANALISIS DE PRECIOS UNITARIOS
L172: FECHA | N172: DD | O172: MM | P172: AA
...

Sheet PROPUESTA ECONOMICA(Proponente)
B1: Formulario 1 - Propuesta económica - Documento tipo de selección abreviada de menor cuantía - versión 1
B2: Versión: 1 del 21 de agosto de 2025
C5: FORMULARIO 1
C6: PROPUESTA ECONOMICA
C7: [La entidad puede utilizar este formulario de presentación de propuesta económica de forma detallada, sin perjuicio que la entidad pueda modificarlo o establecer la presentación de la oferta económica con un formulario distinto al indicado.] [Los proponentes emplearán el formulario establecido por la entidad para determinar su propuesta económica conforme al Formulario 1 - Presupuesto Oficial publicado por la Entidad] [En caso de modificar el formulario, es importante tener en cuenta que no se deben incluir causales de rechazo, reglas o parámetros contrarios a los definidos en el documento base. Los términos del proceso solo se encuentran en el Documento Base, por lo que la Entidad no deberá incluir ningún tipo de notas que se configuren en reglas contrarias a las definidas en dicho documento, las notas únicamente pueden ser aclaratorias para efectos del diligenciamiento del formato]
C9: Cuando el proceso de contratación es estructurado por precios unitarios, la Entidad debe aplicar las notas 1, 2 y 3 del presente formato y las casillas de "Descripción", "Porcentaje" de la Administración, Imprevisto, Utilidad y total A.I.U. resaltadas en color amarillo.
C11: Nº | D11: ITEM DE PAGO | E11: ESPECIFICACIONES | G11: DESCRIPCION | H11: UND. | I11: CANTIDAD | J11: VALOR UNITARIO | K11: VALOR TOTAL
E12: GENERAL | F12: PARTICULAR
C15: Subtotal
C21: Subtotal
C31: Subtotal
C36: Subtotal
C39: Subtotal
C40: SUBTOTAL OBRAS
G45: SUBTOTAL OBRAS (INCLUYE IVA)
G49: VALOR TOTAL
C52: NOTA 1: Se debe tener en cuenta que el PRECIO UNITARIO incluye el valor de A.I.U. | H52: DESCRIPCION | K52: PORCENTAJE
C53: NOTA 2: Cuando la fracción decimal del peso sea igual o superior a 5 se aproximara por exceso al número entero siguiente del peso y cuando la fracción decimal del peso sea inferior a 5 se aproximará por defecto al número entero del peso. | H53: ADMINISTRACION | J53: A= | K53: [Ofrecimiento del Proponente]
C54: NOTA 3: El A.I.U y su discriminación deben estar en porcentaje (%). | H54: IMPREVISTO | J54: I= | K54: [Ofrecimiento del Proponente]
H55: UTILIDAD | J55: U= | K55: [Ofrecimiento del Proponente]
H56: TOTAL A.I.U | J56: A.I.U.= | K56: [Ofrecimiento del Proponente]
G59: Firma del Proponente o de su Representante Legal
